Map: Invasione LE

Players

Jhyrachy

  • Race: Zerg Zerg
  • League: Silver

jily - Winner!

  • Race: Zerg Zerg
  • League: Gold

VOD

Have the link to the VOD?

Description

Time

  • Played on: April 3, 2016, 3:09 p.m.
  • Length: 9:38
Show
View Real Time Build Order
Export as new Build Order

Jhyrachy Zerg 

Build Orders: Hatch First 

Get SALT Encoding   

  12  0:01  Drone  
  13  0:12  Drone  
  14  0:18  Overlord  
  14  0:37  Drone x3  
  17  0:57  Hatchery  
  17  1:01  Drone  
  17  1:11  Extractor, Drone  
  16  1:18  Spawning Pool  
  16  1:19  Drone  
  16  1:23  Drone  
  18  1:40  Drone  
  19  1:48  Overlord  
  19  2:06  Queen  
  21  2:09  Queen  
  23  2:21  Zergling x2  
  24  2:27  Drone x2  
  24  2:28  Drone  
  27  2:30  Overlord  
  27  2:41  Zergling x2  
  27  2:42  Zergling x2  
  29  2:46  Metabolic Boost  
  29  2:55  Zergling x2  
  29  2:56  Zergling x6  
  33  3:07  Drone  
  33  3:08  Drone  
  34  3:47  Drone x3  
  34  3:48  Drone  
  38  4:11  Baneling Nest  
  38  4:16  Queen  
  39  4:30  Drone  
  40  4:31  Extractor  
  40  4:32  Hatchery, Drone x3  
  40  4:37  Evolution Chamber  
  39  4:59  Zergling x2  
  43  5:00  Zergling x8  
  44  5:10  Spine Crawler x2  
  44  5:12  Spine Crawler  
  41  5:19  Overlord x3  
  41  5:20  Zerg Ground Armor Level 1  
  42  5:33  Zergling x2  
  42  5:35  Zergling x2  
  44  5:39  Zergling x2  
  44  5:40  Zergling x16  
  53  6:05  Drone x5  
  53  6:07  Zergling x4  
  60  6:28  Lair  
  60  6:37  Queen  
  62  6:50  Zergling x8  
  62  6:51  Zergling x4  
  67  7:05  Zergling x2  
  67  7:07  Overlord x4  
  68  7:13  Extractor  
  67  7:20  Drone, Extractor  
  67  7:23  Overlord  
  67  7:24  Overlord  
  67  7:34  Zerg Melee Weapons Level 1  
  66  7:54  Baneling  
  66  7:55  Baneling x8  
  38  8:25  Spire  
  37  8:28  Zergling x20  
  37  8:29  Zergling x8  
  37  8:31  Queen  
  53  8:38  Hatchery  
  53  9:17  Zergling x18  
Show
View Real Time Build Order
Export as new Build Order

jily Zerg - Winner!

Build Orders: Hatch First 

Get SALT Encoding   

  12  0:01  Drone  
  13  0:12  Overlord  
  13  0:20  Drone  
  14  0:31  Drone x2  
  14  0:35  Drone  
  17  0:45  Drone  
  18  0:58  Hatchery  
  18  1:03  Drone  
  18  1:13  Spawning Pool  
  18  1:15  Drone  
  18  1:22  Extractor  
  18  1:23  Drone  
  18  1:33  Drone  
  19  1:46  Overlord  
  19  1:57  Drone  
  19  2:00  Queen  
  22  2:13  Drone x3  
  25  2:22  Metabolic Boost  
  25  2:23  Queen  
  25  2:29  Drone x2  
  29  2:34  Drone x2  
  29  2:36  Queen  
  33  2:42  Zergling x2  
  34  2:53  Drone  
  34  2:54  Overlord  
  35  3:12  Zergling x4, Roach Warren  
  36  3:13  Zergling x2  
  37  3:22  Spine Crawler  
  37  3:27  Drone x4  
  40  3:36  Extractor  
  40  3:37  Extractor  
  40  3:38  Drone x4  
  41  3:51  Drone x2, Baneling Nest  
  41  3:53  Overlord x2  
  42  4:18  Drone x3  
  42  4:19  Drone  
  42  4:21  Drone  
  42  4:22  Drone x2  
  49  4:28  Roach x5  
  49  4:29  Lair  
  59  5:06  Overlord x2  
  59  5:07  Overlord  
  59  5:13  Hatchery  
  58  5:27  Roach x4  
  66  5:32  Glial Reconstitution  
  66  5:38  Evolution Chamber  
  66  5:42  Drone x3  
  68  5:46  Overlord x2  
  68  5:47  Overlord  
  68  5:48  Extractor  
  67  5:56  Evolution Chamber  
  66  5:57  Spore Crawler  
  66  5:59  Spore Crawler  
  66  6:03  Spore Crawler, Ravager  
  66  6:04  Ravager x3  
  67  6:08  Zerg Missile Weapons Level 1  
  67  6:11  Roach x5  
  75  6:17  Drone x6  
  83  6:29  Queen  
  83  6:30  Drone x2  
  83  6:31  Drone  
  88  6:34  Overlord x2  
  88  6:45  Ravager x3  
  88  6:46  Overlord  
  88  6:47  Overlord x2  
  91  6:53  Drone  
  92  6:55  Zergling x6, Roach  
  92  6:56  Roach x2  
  101  7:03  Roach x2  
  101  7:06  Drone x2  
  107  7:12  Evolution Chamber  
  106  7:16  Hydralisk Den  
  106  7:17  Drone x2  
  106  7:18  Drone  
  106  7:22  Baneling  
  108  7:27  Extractor  
  108  7:28  Extractor  
  106  7:33  Drone x3  
  109  7:46  Roach x6  
  112  8:06  Roach x3  
  112  8:07  Roach x7  
  112  8:08  Roach  
  124  8:16  Roach  
  124  8:17  Roach x2  
  127  8:23  Muscular Augments  
  127  8:35  Drone  
  127  8:36  Drone x2  
  127  8:38  Drone x3  
  133  8:50  Ravager  
  133  8:52  Zergling x4  
  133  8:53  Zergling x4  
  138  8:56  Zergling x8  
  138  8:59  Hydralisk  
  138  9:00  Hydralisk x4  
Tags
 
Add a new tag
Caveats
  • Supply blocks, unpowered buildings, or Contaminate may cause inaccurate times.
  • Supply counts are checked every 10 seconds.